 Dungeon Crawl Stone Soup version 0.21-a0-128-gf2b353c (webtiles) character file.

124 Musica the Skirmisher (level 5, 0/51 HPs)
             Began as a Gargoyle Berserker on July 17, 2017.
             Was a Believer of Trog.
             Slain by a gnoll
             ... wielding a +0 flail
              (4 damage)
             ... on level 3 of the Dungeon.
             The game lasted 00:04:38 (1904 turns).

Musica the Skirmisher (Gargoyle Berserker)          Turns: 1904, Time: 00:04:39

Health: 0/51       AC:  6    Str: 26    XL:     5   Next: 8%
Magic:  5/5        EV: 11    Int:  7    God:    Trog [**....]
Gold:   71         SH:  5    Dex: 10    Spells: 4/4 levels left

rFire    . . .     SeeInvis .   a - +0 mace
rCold    . . .     Gourm    .   j - +2 buckler
rNeg     + . .     Faith    .   b - +0 animal skin
rPois    ∞         Spirit   .   (no helmet)
rElec    +         Reflect  .   (no cloak)
rCorr    .         Harm     .   (no gloves)
MR       .....                  (no boots)
Stlth    ..........             (no amulet)
HPRegen  0.17/turn              (no ring)
MPRegen  0.09/turn              (no ring)

@: berserking (expiring), very quick
A: negative energy resistance 1, electricity resistance, unbreathing,
petrification resistance, rot immunity, AC +4
a: Berserk, Trog's Hand, Burn Spellbooks, Renounce Religion


You were on level 3 of the Dungeon.
You worshipped Trog.
Trog was pleased with you.
You were near starving.

You visited 1 branch of the dungeon, and saw 3 of its levels.

You collected 71 gold pieces.

Inventory:

Hand Weapons
 a - a +0 mace (weapon)
Missiles
 d - 11 stones
 e - 34 arrows
 l - 3 tomahawks (quivered)
 n - 33 bolts
 r - 31 poisoned needles
Armour
 b - a +0 animal skin (worn)
 j - a +2 buckler (worn)
Wands
 q - a wand of disintegration (14/24)
Scrolls
 k - 2 scrolls of recharging {unknown}
 o - 2 scrolls of blinking {unknown}
 t - a scroll of identify {unknown}
 u - 2 scrolls of magic mapping {unknown}
 v - a scroll of noise {unknown}
 w - a scroll of teleportation {unknown}
Potions
 g - a potion of agility {unknown}
 i - a potion of magic {unknown}
 m - a potion of berserk rage {unknown}
 p - a potion of flight {unknown}
 s - a potion of mutation {unknown}
 x - a potion of cancellation {unknown}
Comestibles
 c - a bread ration
 f - 10 chunks of flesh
 h - a meat ration


   Skills:
 + Level 4.5 Fighting
 + Level 4.5 Maces & Flails
 + Level 0.5 Throwing
 + Level 2.4 Armour
 - Level 1.5 Dodging


You had 4 spell levels left.
You didn't know any spells.

Dungeon Overview and Level Annotations

Branches:
Dungeon (3/15)

Altars:


Innate Abilities, Weirdness & Mutations

You are resistant to torment.
Your stone body is resilient. (AC +4)
You are immune to poison.
You resist negative energy. (rN+)
You are resistant to electric shocks. (rElec)
You can survive without breathing.
You are immune to petrification.
You are immune to rotting.


Message History

You kill the gnoll!
Trog accepts your kill.
The gnoll splashes around in the water.
The gnoll hits you from afar with a spear!
* * * LOW HITPOINT WARNING * * *
You see here a gnoll corpse.
You closely miss the gnoll. The gnoll barely misses you.
You sock the gnoll!
The gnoll is heavily wounded.
You block the gnoll's attack. The gnoll hits you with a flail.
* * * LOW HITPOINT WARNING * * *
You sock the gnoll!
You kill the gnoll!
Trog accepts your kill.
You hear a splash.
You have reached level 5!
You sock the gnoll!
The gnoll is severely wounded.
The gnoll hits you with a flail.
You die...

#.## ..# #.# #.# #########)#
##.....[...#######
.........<........
#.###..####################
..............g@.....).....P
≈≈≈≈≈≈....≈g≈≈≈≈)≈≈≈≈≈≈≈≈≈≈≈
≈≈≈≈≈≈....≈≈≈≈≈≈≈≈≈≈≈≈≈≈≈≈≈≈
≈≈≈≈≈≈....≈≈≈≈≈≈≈≈≈≈≈≈#####≈
......................# g#
######''''############# #
..#.... ..'..$. ..#....


You could see 2 gnolls.

Vanquished Creatures
  4 gnolls (D:3)
  4 adders (D:2)
  A dart slug (D:2)
  2 giant cockroaches (D:1)
  6 goblins (D:1)
  4 hobgoblins
  7 jackals
  A ball python (D:2)
  5 bats
  A frilled lizard (D:2)
  9 kobolds
  3 rats (D:1)
47 creatures vanquished.

Notes
Turn   | Place    | Note
-------+----------+-------------------------------------------
     0 | D:1      | Musica the Gargoyle Berserker began the quest for the Orb.
     0 | D:1      | Reached XP level 1. HP: 14/14 MP: 1/1
    76 | D:2      | Reached XP level 2. HP: 17/19 MP: 2/2
   647 | D:1      | Reached XP level 3. HP: 21/24 MP: 3/3
  1281 | D:2      | Reached ** piety under Trog
  1291 | D:2      | Reached XP level 4. HP: 16/29 MP: 4/4
  1903 | D:3      | Reached XP level 5. HP: 4/34 MP: 5/5
  1904 | D:3      | Slain by a gnoll

Vault maps used:
D:1:      dpeg_arrival_court
D:3:      lemuel_castle_with_subvaults, chequers_big_river

Skill      XL: |  1  2  3 |
---------------+----------+-----
Fighting       | 4 |  4.5
Maces & Flails | 4 |  4.5
Throwing       | |  0.5
Armour         | |  2.4
Dodging        | |  1.5

Action                   |  1- 3 |  4- 6 || total
-------------------------+-------+-------++-------
Melee: Mace              |   121 |    51 ||   172
Throw: Tomahawk          |     3 |       ||     3
Invok: Berserk           |       |     2 ||     2
  Eat: Chunk             |     1 |     1 ||     2
       Royal jelly       |       |     1 ||     1
Armor: Animal skin       |    53 |    13 ||    66
Dodge: Dodged            |    94 |    25 ||   119
Block: Buckler           |    14 |    10 ||    24
